MID
ATLANTA (MID) BRAVES @ WEST VIRGINIA POWER
05/02/2044
 
TOP OF THE 1ST
Atlanta (MID) Braves batting - Pitching for West Virginia Power : RHP Nelson Villalva
Pitching: RHP Nelson Villalva
Batting: LHB Travis Lazaro 0-0: Called Strike
0-1: Swinging Strike
0-2: Ball
1-2: Foul Ball, location: 2F
1-2: SOLO HOME RUN (Flyball, 9D, EV 96.2 MPH), Distance : 362 ft
Batting: RHB Andy Cunningham 0-0: Foul Ball, location: 2F
0-1: Ball
1-1: Called Strike
1-2: Strikes out swinging
Batting: RHB Xavier Davis 0-0: Foul Ball, location: 2F
0-1: Swinging Strike
0-2: Ball
1-2: Ball
2-2: Foul Ball, location: 2F
2-2: Ball
3-2: Base on Balls
Batting: RHB Joseph Kirchmann 0-0: Ball
Xavier Davis steals 2nd base (no throw)
1-0: Ball
2-0: Fly out, F8 (Flyball, 8LD, EV 76.2 MPH)
Runner from 2nd tags up, SAFE at 3rd with throw by CF
Batting: RHB Corey Dalton 0-0: Ball
1-0: 2-RUN HOME RUN (Flyball, 7LD, EV 96.2 MPH), Distance : 352 ft
Batting: LHB Mark Thomas 0-0: Called Strike
0-1: Ball
1-1: Called Strike
1-2: Foul Ball, location: 2F
1-2: Strikes out swinging
Top of the 1st over - 3 runs, 2 hits, 0 errors, 0 left on base; Atlanta (MID) 3 - West Virginia 0
BOTTOM OF THE 1ST
West Virginia Power batting - Pitching for Atlanta (MID) Braves : LHP Pete McAllister
Pitching: LHP Pete McAllister
Batting: SHB Francisco Gutierrez 0-0: Called Strike
0-1: Called Strike
0-2: Foul Ball, location: 2F
0-2: Ball
1-2: Strikes out swinging
Batting: LHB Micah Boshnjaku 0-0: Ball
1-0: Ball
2-0: Ball
3-0: Base on Balls
Batting: RHB Tom Primmer 0-0: Ball
Micah Boshnjaku steals 2nd, throwing error, E2
Micah Boshnjaku to third
1-0: Called Strike
1-1: Fly out, F9 (Flyball, 89M, EV 92.5 MPH)
Runner from 3rd tags up, SCORES, throw by RF
Batting: SHB Brad Day 0-0: Called Strike
0-1: TRIPLE (Groundball, 3L, EV 96.2 MPH)
Batting: RHB Jordan Robinson 0-0: Called Strike
0-1: SINGLE (Groundball, 6MD, EV 99.4 MPH)
Brad Day scores
Batting: RHB Ted Goldblatt 0-0: Ball
Jordan Robinson is caught stealing 2nd base 2-4
Bottom of the 1st over - 2 runs, 2 hits, 1 error, 0 left on base; Atlanta (MID) 3 - West Virginia 2
TOP OF THE 2ND
Atlanta (MID) Braves batting - Pitching for West Virginia Power : RHP Nelson Villalva
Batting: LHB Tommy Williams 0-0: Fly out, F8 (Flyball, 8LS, EV 89.4 MPH)
Batting: RHB Mike Shook 0-0: Called Strike
0-1: Fly out, F8 (Flyball, 8LS, EV 94.4 MPH)
Batting: RHB Nick Platt 0-0: Foul Ball, location: 2F
0-1: Swinging Strike
0-2: Ball
1-2: Foul Ball, location: 2F
1-2: Strikes out swinging
Top of the 2nd over - 0 runs, 0 hits, 0 errors, 0 left on base; Atlanta (MID) 3 - West Virginia 2
BOTTOM OF THE 2ND
West Virginia Power batting - Pitching for Atlanta (MID) Braves : LHP Pete McAllister
Batting: RHB Ted Goldblatt 0-0: Ball
1-0: Ball
2-0: Ball
3-0: Called Strike
3-1: SINGLE (Groundball, 6S, EV 63.1 MPH) (infield hit)
Batting: RHB Jose Lozano 0-0: Ball
1-0: Called Strike
1-1: Called Strike
1-2: Reached on error, E6 (Groundball, 6, EV 87.5 MPH)
Ted Goldblatt to second
Batting: LHB Justin Harris 0-0: Swinging Strike
0-1: Foul Ball, location: 2F
0-2: Ball
1-2: Ball
2-2: Ball
3-2: Foul Ball, location: 2F
3-2: Strikes out swinging
Batting: RHB Jesus Marquez 0-0: Called Strike
0-1: Ground out 5-3 (Groundball, 56S, EV 70.6 MPH)
Ted Goldblatt to third
Jose Lozano to second
Batting: SHB Francisco Gutierrez 0-0: Foul Ball, location: 2F
0-1: Ball
1-1: Reached on error, E4 (Groundball, 4, EV 88.1 MPH)
Ted Goldblatt scores
Jose Lozano to third
Batting: LHB Micah Boshnjaku 0-0: Fly out, F7 (Flyball, 7S, EV 81.2 MPH)
Bottom of the 2nd over - 1 run, 1 hit, 2 errors, 2 left on base; Atlanta (MID) 3 - West Virginia 3
TOP OF THE 3RD
Atlanta (MID) Braves batting - Pitching for West Virginia Power : RHP Nelson Villalva
Pitching: RHP R.J. Barr
Batting: LHB Travis Lazaro 0-0: Ball
1-0: Ball
2-0: Ball
3-0: Base on Balls
Batting: RHB Andy Cunningham 0-0: Ball
1-0: Called Strike
1-1: Fielders Choice at 2nd, 4-6 (Groundball, 34, EV 91.2 MPH)
Batting: RHB Xavier Davis 0-0: Called Strike
Andy Cunningham steals 2nd base
0-1: Swinging Strike
0-2: Ground out 5-3 (Groundball, 56, EV 89.4 MPH)
Batting: RHB Joseph Kirchmann 0-0: Ball
1-0: Ball
2-0: Called Strike
2-1: SINGLE (Flyball, 3D, EV 100.0 MPH)
Andy Cunningham to third
Runner from 3rd tries for Home, SAFE, throw by RF to home
Batting: RHB Corey Dalton 0-0: Called Strike
0-1: Ball
1-1: Ground out 1-3 (Groundball, P, EV 64.4 MPH)
Top of the 3rd over - 1 run, 1 hit, 0 errors, 1 left on base; Atlanta (MID) 4 - West Virginia 3
BOTTOM OF THE 3RD
West Virginia Power batting - Pitching for Atlanta (MID) Braves : LHP Pete McAllister
Batting: RHB Tom Primmer 0-0: SOLO HOME RUN (Flyball, 7D, EV 98.1 MPH), Distance : 376 ft
Batting: SHB Brad Day 0-0: Called Strike
0-1: Ball
1-1: Foul Ball, location: 2F
1-2: Foul Ball, location: 2F
1-2: Foul Ball, location: 2F
1-2: SINGLE (Groundball, 56, EV 83.1 MPH) (infield hit)
Batting: RHB Jordan Robinson 0-0: Foul Ball, location: 2F
0-1: Swinging Strike
0-2: Strikes out swinging
Batting: RHB Ted Goldblatt 0-0: Called Strike
0-1: Called Strike
0-2: Ball
1-2: Ball
2-2: Strikes out swinging
Batting: RHB Jose Lozano 0-0: Called Strike
0-1: Ball
1-1: Fly out, F9 (Flyball, 9LS, EV 86.9 MPH)
Bottom of the 3rd over - 1 run, 2 hits, 0 errors, 1 left on base; Atlanta (MID) 4 - West Virginia 4
TOP OF THE 4TH
Atlanta (MID) Braves batting - Pitching for West Virginia Power : RHP R.J. Barr
Batting: LHB Mark Thomas 0-0: Ball
1-0: Ball
2-0: Called Strike
2-1: Called Strike
2-2: Ball
3-2: Fly out, F4 (Popup, 4S, EV 78.8 MPH)
Batting: LHB Tommy Williams 0-0: Swinging Strike
0-1: Ball
1-1: Ball
2-1: Ball
3-1: Base on Balls
Batting: RHB Mike Shook 0-0: Ball
1-0: Called Strike
1-1: Foul Ball, location: 2F
1-2: Hit by Pitch
Tommy Williams to second
Batting: RHB Nick Platt 0-0: Ball
1-0: Fielders Choice at 2nd, 1-6 (Groundball, 34S, EV 68.1 MPH)
Tommy Williams to third
Batting: LHB Travis Lazaro 0-0: Ball
1-0: Called Strike
1-1: Called Strike
1-2: SINGLE (Line Drive, 4MD, EV 95.6 MPH)
Tommy Williams scores
Nick Platt to second
Batting: RHB Andy Cunningham 0-0: SINGLE (Groundball, P, EV 92.5 MPH) (infield hit)
Nick Platt to third
Travis Lazaro to second
Batting: RHB Xavier Davis 0-0: Ball
1-0: Ball
2-0: Ball
3-0: Called Strike
3-1: Base on Balls
Nick Platt scores
Travis Lazaro to third
Andy Cunningham to second
Batting: RHB Joseph Kirchmann 0-0: Called Strike
0-1: Called Strike
0-2: Ball
1-2: Ball
2-2: Strikes out swinging
Top of the 4th over - 2 runs, 2 hits, 0 errors, 3 left on base; Atlanta (MID) 6 - West Virginia 4
BOTTOM OF THE 4TH
West Virginia Power batting - Pitching for Atlanta (MID) Braves : LHP Pete McAllister
Batting: LHB Justin Harris 0-0: Ground out U3 (Groundball, 3, EV 103.1 MPH)
Batting: RHB Jesus Marquez 0-0: Called Strike
0-1: Ball
1-1: Called Strike
1-2: Strikes out swinging
Batting: SHB Francisco Gutierrez 0-0: SINGLE (Groundball, 4M, EV 106.2 MPH) (infield hit)
Batting: LHB Micah Boshnjaku 0-0: Called Strike
0-1: Foul Ball, location: 2F
0-2: Foul Ball, location: 2F
0-2: Strikes out swinging
Bottom of the 4th over - 0 runs, 1 hit, 0 errors, 1 left on base; Atlanta (MID) 6 - West Virginia 4
TOP OF THE 5TH
Atlanta (MID) Braves batting - Pitching for West Virginia Power : RHP R.J. Barr
Batting: RHB Corey Dalton 0-0: Ball
1-0: Ball
2-0: Called Strike
2-1: Ball
3-1: Base on Balls
Pitching: RHP Jason Cobb
Batting: LHB Mark Thomas 0-0: Called Strike
0-1: Foul Ball, location: 2F
0-2: Ball
1-2: Ball
2-2: Fly out, F9 (Flyball, 9S, EV 89.4 MPH)
Batting: LHB Tommy Williams 0-0: Ball
1-0: Ball
2-0: Ball
3-0: Base on Balls
Corey Dalton to second
Batting: RHB Mike Shook 0-0: Called Strike
0-1: Ball
1-1: Foul Ball, location: 2F
1-2: Ball
2-2: Ball
3-2: Base on Balls
Corey Dalton to third
Tommy Williams to second
Batting: RHB Nick Platt 0-0: Ball
1-0: Swinging Strike
1-1: Foul Ball, location: 2F
1-2: Foul Ball, location: 2F
1-2: Foul Ball, location: 2F
1-2: Ball
2-2: Ball
3-2: Base on Balls
Corey Dalton scores
Tommy Williams to third
Mike Shook to second
Batting: LHB Travis Lazaro 0-0: Ball
1-0: Ball
2-0: Ball
3-0: Base on Balls
Tommy Williams scores
Mike Shook to third
Nick Platt to second
Batting: RHB Andy Cunningham 0-0: Ball
1-0: Ball
2-0: Foul Ball, location: 2F
2-1: Fly out, F9 (Flyball, 89M, EV 85.0 MPH)
Batting: RHB Xavier Davis 0-0: Fly out, F7 (Flyball, 7, EV 75.6 MPH)
Top of the 5th over - 2 runs, 0 hits, 0 errors, 3 left on base; Atlanta (MID) 8 - West Virginia 4
BOTTOM OF THE 5TH
West Virginia Power batting - Pitching for Atlanta (MID) Braves : LHP Pete McAllister
Batting: RHB Tom Primmer 0-0: Ball
1-0: Ball
2-0: Ball
3-0: Base on Balls
Batting: SHB Brad Day 0-0: Called Strike
0-1: Ball
1-1: Foul Ball, location: 2F
1-2: Ball
2-2: Ball
3-2: Fly out, F8 (Flyball, 8LXD, EV 96.9 MPH)
Batting: RHB Jordan Robinson 0-0: Ball
1-0: Called Strike
1-1: Ball
2-1: Foul Ball, location: 2F
2-2: Ball
3-2: Fly out, F8 (Line Drive, 8LD, EV 92.5 MPH)
Batting: RHB Ted Goldblatt 0-0: Ball
1-0: Ground out 6-3 (Groundball, 4MS, EV 86.9 MPH)
Bottom of the 5th over - 0 runs, 0 hits, 0 errors, 1 left on base; Atlanta (MID) 8 - West Virginia 4
TOP OF THE 6TH
Atlanta (MID) Braves batting - Pitching for West Virginia Power : RHP Jason Cobb
Batting: RHB Joseph Kirchmann 0-0: Called Strike
0-1: Foul Ball, location: 2F
0-2: Strikes out looking
Batting: RHB Corey Dalton 0-0: Ground out 1-3 (Groundball, 34S, EV 73.1 MPH)
Batting: LHB Mark Thomas 0-0: Foul Ball, location: 2F
0-1: Fly out, F9 (Line Drive, 9, EV 95.0 MPH)
Top of the 6th over - 0 runs, 0 hits, 0 errors, 0 left on base; Atlanta (MID) 8 - West Virginia 4
BOTTOM OF THE 6TH
West Virginia Power batting - Pitching for Atlanta (MID) Braves : LHP Pete McAllister
Pitching: RHP Jae-young Jhang
Batting: RHB Jose Lozano 0-0: SINGLE (Groundball, 34D, EV 110.0 MPH)
Batting: LHB Justin Harris 0-0: Called Strike
0-1: Ball
1-1: Ball
2-1: Fielders Choice at 2nd, 3-6 (Groundball, 34, EV 82.5 MPH)
Batting: RHB Jesus Marquez 0-0: Called Strike
0-1: Ball
1-1: DOUBLE (Line Drive, 7LS, EV 91.9 MPH)
Justin Harris to third
Batting: SHB Francisco Gutierrez 0-0: Ball
1-0: Called Strike
1-1: Ball
2-1: Foul Ball, location: 2F
2-2: Fly out, F9 (Flyball, 9S, EV 88.1 MPH)
Batting: LHB Micah Boshnjaku 0-0: Called Strike
0-1: Swinging Strike
0-2: Strikes out swinging
Bottom of the 6th over - 0 runs, 2 hits, 0 errors, 2 left on base; Atlanta (MID) 8 - West Virginia 4
TOP OF THE 7TH
Atlanta (MID) Braves batting - Pitching for West Virginia Power : RHP Jason Cobb
Pitching: RHP Travis Luckett
Batting: LHB Tommy Williams 0-0: Swinging Strike
0-1: Called Strike
0-2: Strikes out looking
Batting: RHB Mike Shook 0-0: Called Strike
0-1: Ball
1-1: Fly out, F4 (Line Drive, 4, EV 76.2 MPH)
Batting: RHB Nick Platt 0-0: Ball
1-0: SINGLE (Groundball, 6MD, EV 103.1 MPH)
Batting: LHB Travis Lazaro 0-0: Swinging Strike
0-1: Ball
1-1: Ball
2-1: Foul Ball, location: 2F
2-2: Fielders Choice at 2nd, 5-4 (Groundball, 56, EV 83.8 MPH)
Top of the 7th over - 0 runs, 1 hit, 0 errors, 1 left on base; Atlanta (MID) 8 - West Virginia 4
BOTTOM OF THE 7TH
West Virginia Power batting - Pitching for Atlanta (MID) Braves : RHP Jae-young Jhang
Batting: RHB Tom Primmer 0-0: Hit by Pitch
Batting: SHB Brad Day 0-0: Called Strike
0-1: Ball
1-1: Fly out, F6 (Line Drive, 6, EV 67.5 MPH)
Batting: RHB Jordan Robinson 0-0: Ball
1-0: Ball
2-0: Ball
3-0: Called Strike
3-1: Base on Balls
Tom Primmer to second
Batting: RHB Ted Goldblatt 0-0: Ball
1-0: Ball
2-0: Called Strike
2-1: Ball
3-1: Base on Balls
Tom Primmer to third
Jordan Robinson to second
Batting: RHB Jose Lozano 0-0: Ball
1-0: Called Strike
1-1: Ball
2-1: Ball
3-1: Base on Balls
Tom Primmer scores
Jordan Robinson to third
Ted Goldblatt to second
Batting: LHB Justin Harris 0-0: Called Strike
0-1: Ball
1-1: Ball
2-1: Fly out, F8 (Flyball, 78M, EV 90.6 MPH)
Pinch Hitting: RHB Alfredo Medrano 0-0: Ball
1-0: Swinging Strike
1-1: Foul Ball, location: 2F
1-2: GRAND SLAM HOME RUN (Flyball, 7LD, EV 90.0 MPH), Distance : 334 ft
Pitching: RHP Craig Goguen
Batting: SHB Francisco Gutierrez 0-0: Ball
1-0: Fly out, F8 (Flyball, 8RXD, EV 91.2 MPH)
Bottom of the 7th over - 5 runs, 1 hit, 0 errors, 0 left on base; Atlanta (MID) 8 - West Virginia 9
TOP OF THE 8TH
Atlanta (MID) Braves batting - Pitching for West Virginia Power : RHP Travis Luckett
Pitching: RHP Alex Romero
Now in RF: John Beiswenger
Batting: RHB Andy Cunningham 0-0: Ball
1-0: Called Strike
1-1: Swinging Strike
1-2: Strikes out swinging
Batting: RHB Xavier Davis 0-0: Ball
1-0: Called Strike
1-1: Swinging Strike
1-2: Strikes out swinging
Batting: RHB Joseph Kirchmann 0-0: Ball
1-0: DOUBLE (Line Drive, 78XD, EV 101.2 MPH)
Batting: RHB Corey Dalton 0-0: Ball
1-0: Called Strike
1-1: Ball
2-1: Fly out, F4 (Popup, 34D, EV 55.0 MPH)
Top of the 8th over - 0 runs, 1 hit, 0 errors, 1 left on base; Atlanta (MID) 8 - West Virginia 9
BOTTOM OF THE 8TH
West Virginia Power batting - Pitching for Atlanta (MID) Braves : RHP Craig Goguen
Batting: LHB Micah Boshnjaku 0-0: Ball
1-0: Ball
2-0: Ball
3-0: Called Strike
3-1: Base on Balls
Batting: RHB Tom Primmer 0-0: Ball
1-0: Fielders Choice at 2nd, 5-4 (Groundball, 56, EV 79.4 MPH)
Batting: SHB Brad Day 0-0: Ball
1-0: SINGLE (Groundball, 34S, EV 67.5 MPH) (infield hit)
Tom Primmer to second
Batting: RHB Jordan Robinson 0-0: Ball
1-0: Foul Ball, location: 2F
1-1: Fielders Choice at 3rd, U5 (Groundball, 5L, EV 85.6 MPH)
Brad Day to second
Batting: RHB Ted Goldblatt 0-0: Ball
1-0: Called Strike
1-1: Foul Ball, location: 2F
1-2: Foul Ball, location: 2F
1-2: Ground out 5-3 (Groundball, 56S, EV 86.2 MPH)
Bottom of the 8th over - 0 runs, 1 hit, 0 errors, 2 left on base; Atlanta (MID) 8 - West Virginia 9
TOP OF THE 9TH
Atlanta (MID) Braves batting - Pitching for West Virginia Power : RHP Alex Romero
Pitching: RHP Troy Conners
Batting: LHB Mark Thomas 0-0: Ball
1-0: Foul Ball, location: 2F
1-1: Called Strike
1-2: DOUBLE (Flyball, 8RXD, EV 97.5 MPH)
Batting: LHB Tommy Williams 0-0: Ball
1-0: Ball
2-0: Swinging Strike
2-1: Swinging Strike
2-2: Strikes out looking
Pinch Hitting: LHB Kevin Kantor 0-0: Foul Ball, location: 2F
0-1: Ground out 6-3 (Groundball, 6, EV 85.6 MPH)
Pinch Hitting: SHB Brandon McClain 0-0: Ball
1-0: Foul Ball, location: 2F
1-1: Foul Ball, location: 2F
1-2: Strikes out swinging
Top of the 9th over - 0 runs, 1 hit, 0 errors, 1 left on base; Atlanta (MID) 8 - West Virginia 9
Thursday, March 31st , 2022 - OOTP Baseball 22.12 Build 89